[Event "Titled Tuesday Blitz December 27 Late 2022"]
[White "Ladan, Nicholas"]
[Black "Prieto Aranguren, Alain"]
[WhiteFideId "30918855"]
[BlackFideId "2268906"]
[WhiteElo "2228"]
[BlackElo "2258"]
[Result "1-0"]
[Round "07"]
[TimeControl "180+2"]
[Date "2022.12.27"]
[WhiteClock "0:00:22"]
[BlackClock "0:00:02"]

1. e3 e5 2. Nc3 Nf6 3. d4 exd4 4. Qxd4 Nc6 5. Qa4 d5 6. Nf3 Bd6 7. Nd4 Bd7 8. Bb5 Nxd4 9. Bxd7+ Qxd7 10. Qxd7+ Kxd7 11. exd4 c6 12. f3 Rae8+ 13. Kf2 h5 14. Ne2 h4 15. Bg5 Re6 16. Rae1 h3 17. g3 Rhe8 18. Nf4 Rxe1 19. Rxe1 Rxe1 20. Kxe1 Bxf4 21. Bxf4 Nh5 22. Bb8 g5 23. Kf2 a6 24. c3 f5 25. g4 fxg4 26. fxg4 Nf6 27. Kg3 Ne4+ 28. Kxh3 Nf2+ 29. Kg3 Nd1 30. h4 gxh4+ 31. Kxh4 Nxb2 32. Kg5 Ke8 33. Kg6 Nd3 34. g5 Nf2 35. Kh7 Ne4 36. g6 Nf6+ 37. Kg7 Nh5+ 38. Kh6 Nf6 39. Be5 Ng8+ 40. Kg7 Ne7 41. Kf6 1-0


[Site "https://www.chess.com"]

[Event "Titled Tuesday Blitz December 27 Late 2022"]
[White "Lenderman, Aleksandr"]
[Black "Sourath Biswas"]
[WhiteFideId "2021285"]
[BlackFideId "35091484"]
[WhiteElo "2572"]
[BlackElo "2281"]
[Result "1-0"]
[Round "07"]
[TimeControl "180+2"]
[Date "2022.12.27"]
[WhiteClock "0:00:03"]
[BlackClock "0:00:05"]

1. Nf3 Nf6 2. c4 g6 3. Nc3 Bg7 4. e4 O-O 5. d4 d6 6. Be2 e5 7. O-O Nbd7 8. Be3 Qe7 9. d5 c5 10. Bg5 h6 11. Bd2 Kh7 12. a3 Ng8 13. g3 f5 14. exf5 gxf5 15. Nh4 e4 16. Bh5 Ne5 17. f4 exf3 18. Bf4 Nf6 19. Bxf3 Nxc4 20. Re1 Ne5 21. Bxe5 dxe5 22. d6 Qe6 23. Nb5 e4 24. Nc7 Qf7 25. Be2 Rb8 26. Qc2 Ne8 27. Qxc5 b6 28. Qb4 Nxc7 29. dxc7 Qxc7 30. Rac1 Qe5 31. Red1 Be6 32. Bc4 Rbc8 33. Bxe6 Qxe6 34. Rxc8 Rxc8 35. Qb5 Rf8 36. Rd7 Kg8 37. Rxa7 Bd4+ 38. Kg2 f4 39. Ng6 f3+ 40. Kh1 Qxg6 41. Qd5+ Rf7 42. Ra8+ Kh7 43. Qxd4 Rg7 44. Rf8 e3 45. Qxe3 Qb1+ 46. Qg1 Qxb2 47. Rxf3 Rc7 48. Rf1 Qxa3 49. Qg2 Qe7 50. Qf3 Qg7 51. Qe4+ Qg6 52. Qd4 Qc6+ 53. Kg1 Qc5 54. Qxc5 bxc5 55. Rc1 Kg6 56. Rc4 Kf5 57. Kf2 Ke5 58. Ke3 Kd5 59. Rh4 Ra7 60. Rxh6 Ra3+ 61. Kf4 c4 62. Rh8 c3 63. Rd8+ Ke6 64. Rc8 Kf6 65. Rc6+ Kg7 66. h4 Ra4+ 67. Kg5 Ra5+ 68. Kg4 Ra4+ 69. Kh3 Ra3 70. h5 Ra5 71. Kh4 Ra3 72. g4 Kf7 73. h6 c2 74. Rxc2 Ra6 75. Kh5 Ra5+ 76. g5 1-0


[Site "https://www.chess.com"]

[Event "Titled Tuesday Blitz December 27 Late 2022"]
[White "Li, Hui"]
[Black "Sreyas Payyappat"]
[WhiteFideId "15400310"]
[BlackFideId "46674969"]
[WhiteElo "1963"]
[BlackElo "2076"]
[Result "1/2-1/2"]
[Round "07"]
[TimeControl "180+2"]
[Date "2022.12.27"]
[WhiteClock "0:00:15"]
[BlackClock "0:01:13"]

1. e4 c6 2. d4 d5 3. Nd2 dxe4 4. Nxe4 Nf6 5. Nxf6+ exf6 6. c3 Bd6 7. Bd3 O-O 8. Qc2 Re8+ 9. Ne2 h5 10. O-O h4 11. h3 Nd7 12. Be3 Nf8 13. Qd2 Bc7 14. Bf4 Be6 15. Bxc7 Qxc7 16. Nf4 Rad8 17. Rfe1 a5 18. Nxe6 Nxe6 19. Qc2 g5 20. Bf5 Kg7 21. Bxe6 Rxe6 22. Rxe6 fxe6 23. Re1 Re8 24. Qe4 e5 25. Qf5 c5 26. dxe5 Rxe5 27. Rxe5 Qxe5 28. Qxe5 fxe5 29. Kf1 Kf6 30. Ke2 e4 31. c4 Ke5 32. Ke3 Kf5 33. b3 Ke5 34. a3 Kf5 35. f3 exf3 36. Kxf3 Ke5 37. Ke3 Kf5 38. Kf3 Ke5 39. Ke3 a4 40. bxa4 b6 41. a5 bxa5 42. a4 Kf5 43. Kf3 g4+ 44. hxg4+ Kg5 45. Ke2 Kxg4 46. Kf2 Kf4 47. Kg1 Ke4 48. Kh2 Kd4 49. Kh3 Kxc4 50. Kxh4 Kd4 51. g4 c4 52. g5 Ke5 53. g6 c3 54. g7 c2 55. g8=Q c1=Q 56. Qg5+ Qxg5+ 57. Kxg5 Kd4 58. Kf4 Kc4 59. Ke3 Kb4 60. Kd2 Kxa4 61. Kc1 Kb3 62. Kb1 Ka3 63. Ka1 Kb3 64. Kb1 a4 65. Ka1 a3 66. Kb1 a2+ 67. Ka1 Ka3 1/2-1/2


[Site "https://www.chess.com"]

[Event "Titled Tuesday Blitz December 27 Late 2022"]
[White "Liu, Casper"]
[Black "Gurevich, Dmitry"]
[WhiteFideId "1454153"]
[BlackFideId "2000407"]
[WhiteElo "2278"]
[BlackElo "2393"]
[Result "1-0"]
[Round "07"]
[TimeControl "180+2"]
[Date "2022.12.27"]
[WhiteClock "0:01:44"]
[BlackClock "0:00:22"]

1. a3 d5 2. d4 c5 3. dxc5 e6 4. b4 a5 5. Bb2 Nf6 6. e3 axb4 7. axb4 Rxa1 8. Bxa1 b6 9. cxb6 Bxb4+ 10. c3 Ba5 11. Qa4+ Nc6 12. Qxc6+ Bd7 13. Qd6 Ne4 14. Qc7 Qxc7 15. bxc7 Ke7 16. Bd3 Nc5 17. Bc2 Bb5 18. Bb2 Bxc7 19. Ba3 Bd6 20. Nf3 Nd3+ 21. Bxd3 Bxd3 22. Kd2 Be4 23. Bxd6+ Kxd6 24. Na3 Rb8 25. Ra1 Rb2+ 26. Ke1 h6 27. Nd2 Bd3 28. Kd1 e5 29. Kc1 Rb6 30. Nc2 f5 31. Nb4 Be2 32. Ra5 d4 33. exd4 e4 34. Rxf5 1-0


[Site "https://www.chess.com"]

[Event "Titled Tuesday Blitz December 27 Late 2022"]
[White "Lorenzo De La Riva, Lazaro"]
[Black "Marjanovic, Annamaria"]
[WhiteFideId "2268809"]
[BlackFideId "750930"]
[WhiteElo "2404"]
[BlackElo "2273"]
[Result "0-1"]
[Round "07"]
[TimeControl "180+2"]
[Date "2022.12.27"]
[WhiteClock "0:00:06"]
[BlackClock "0:00:09"]

1. b3 e5 2. Bb2 Nc6 3. e3 Nf6 4. c4 d5 5. cxd5 Nxd5 6. d3 Bb4+ 7. Nd2 O-O 8. Qc2 Re8 9. a3 Bxd2+ 10. Qxd2 Be6 11. Nf3 f6 12. Be2 Nb6 13. Qc2 Qd5 14. b4 a5 15. e4 Qd7 16. b5 Ne7 17. a4 Ng6 18. g3 Bh3 19. Rc1 Rec8 20. Qb3+ Kh8 21. Bf1 Bxf1 22. Kxf1 Rd8 23. Ke2 Nxa4 24. Ba1 b6 25. Rhd1 Nc5 26. Qc4 Nf8 27. d4 exd4 28. Rxd4 Qe6 29. Ke3 Rxd4 30. Bxd4 Qxe4+ 31. Kd2 Qxf3 32. Bxc5 bxc5 33. Qxc5 Rd8+ 34. Ke1 Qh1+ 35. Ke2 Re8+ 36. Kd2 Qf3 37. Rc3 Qe2+ 38. Kc1 Ne6 39. Qd5 Qe1+ 40. Kb2 Qxf2+ 41. Kb3 Nd4+ 42. Kc4 Nf3 43. Rxf3 Qc2+ 44. Kd4 Qd2+ 45. Kc4 Qa2+ 46. Kd4 Qa4+ 47. Kc5 Qb4+ 48. Kc6 a4 49. Qd7 Rf8 50. Rf4 Qc3+ 51. Kb7 a3 52. Ra4 Qb3 53. Ra7 a2 54. Kxc7 Qc3+ 55. Qc6 a1=Q 56. Ra6 Qxa6 57. bxa6 Rc8+ 58. Kxc8 Qxc6+ 59. Kb8 Qxa6 60. Kc7 Qa5+ 61. Kd7 Qa2 62. Ke7 Qxh2 63. Kf7 Qxg3 64. Kf8 h5 65. Kf7 h4 0-1


[Site "https://www.chess.com"]

[Event "Titled Tuesday Blitz December 27 Late 2022"]
[White "Makarian, Rudik"]
[Black "Adla, Diego"]
[WhiteFideId "44105681"]
[BlackFideId "100072"]
[WhiteElo "2545"]
[BlackElo "2383"]
[Result "1-0"]
[Round "07"]
[TimeControl "180+2"]
[Date "2022.12.27"]
[WhiteClock "0:01:06"]
[BlackClock "0:00:17"]

1. d4 Nf6 2. Bg5 g6 3. Bxf6 exf6 4. e3 Bg7 5. c4 O-O 6. Nc3 f5 7. g3 c5 8. Nge2 cxd4 9. Nxd4 Nc6 10. Nxc6 dxc6 11. Qc2 Be6 12. Be2 b5 13. cxb5 cxb5 14. O-O a6 15. Rfd1 Qb6 16. a3 Rac8 17. Rac1 Rc7 18. Qd2 Rfc8 19. Bf3 Bxc3 20. Rxc3 Rxc3 21. bxc3 Qa5 22. Bb7 Rxc3 23. Qd4 Rxa3 24. Qf6 Qb4 25. Rd8+ Qf8 26. Rxf8+ Kxf8 27. h4 h5 28. Qh8+ Ke7 29. Bc6 Rd3 30. Qe8+ Kf6 31. Qh8+ Ke7 32. Qa8 Rd6 33. Qb7+ Kf6 34. Qxa6 b4 35. Qa1+ Ke7 36. Ba4 Ra6 37. Qd1 Rd6 38. Qc2 b3 39. Bxb3 Bxb3 40. Qxb3 Re6 41. Kg2 Kf8 42. Kf3 Kg7 43. Qc3+ Kg8 44. Qc4 Kg7 45. Kf4 Re8 46. Qd4+ Kg8 47. Kg5 Re4 48. Qb2 Kf8 49. Kh6 Ke7 50. Kg7 1-0


[Site "https://www.chess.com"]

[Event "Titled Tuesday Blitz December 27 Late 2022"]
[White "Martinez Alcantara, Jose Eduardo"]
[Black "Bortnyk, Olexandr"]
[WhiteFideId "3805662"]
[BlackFideId "14120828"]
[WhiteElo "2619"]
[BlackElo "2605"]
[Result "1-0"]
[Round "07"]
[TimeControl "180+2"]
[Date "2022.12.27"]
[WhiteClock "0:00:07"]
[BlackClock "0:00:02"]

1. e4 g6 2. d4 Bg7 3. c3 d5 4. e5 c5 5. Nf3 Nc6 6. Bb5 cxd4 7. cxd4 a6 8. Bxc6+ bxc6 9. O-O Nh6 10. h3 O-O 11. Nc3 f6 12. exf6 exf6 13. Re1 Nf7 14. Na4 Re8 15. Rxe8+ Qxe8 16. Bf4 g5 17. Bh2 Bf5 18. Nc5 Bf8 19. Qd2 Nd6 20. Bxd6 Bxd6 21. Re1 Qf7 22. Nh2 h5 23. Nf1 a5 24. Ng3 Bg6 25. Qe2 h4 26. Nf1 Bxc5 27. dxc5 d4 28. Qf3 Rc8 29. Rd1 Bh5 30. Qf5 Rd8 31. Rd2 Rd5 32. Qc8+ Qe8 33. Qxe8+ Bxe8 34. a3 Bg6 35. b4 axb4 36. axb4 d3 37. Rb2 Re5 38. Ne3 f5 39. Kf1 f4 40. Nc4 Re8 41. f3 Kg7 42. Kf2 Kf6 43. Na5 Re6 44. Nc4 Re8 45. Na5 Re6 46. Nc4 Bf5 47. Nd6 Bh7 48. Nc4 Re7 49. Na5 Rc7 50. Ke1 Re7+ 51. Kf2 Re6 52. Nc4 Bg6 53. Rd2 Re8 54. Na5 Re6 55. Rb2 Bf5 56. Nb3 Re7 57. Nd4 Rd7 58. Nb3 Rd5 59. Ke1 Re5+ 60. Kd1 Be6 61. Nd4 Bd5 62. Kd2 Re3 63. b5 cxb5 64. Rxb5 Ke5 65. Rb4 g4 66. hxg4 h3 67. gxh3 Bxf3 68. Nxf3+ Rxf3 69. c6 Kd6 70. Rc4 Kc7 71. h4 Rh3 72. Rxf4 Rxh4 73. Kxd3 Kxc6 74. Ke4 Kd7 75. Kf5 Rh8 76. Kg6 Rg8+ 77. Kh7 Rg5 78. Kh6 Ra5 79. g5 Ke6 80. g6 Ke5 81. Rf1 Ra6 82. Kh7 Ra2 83. g7 Rh2+ 84. Kg8 Ke6 85. Kf8 1-0


[Site "https://www.chess.com"]

[Event "Titled Tuesday Blitz December 27 Late 2022"]
[White "Martinez Reyes, Pedro Ramon"]
[Black "Curtis, John"]
[WhiteFideId "3901807"]
[BlackFideId "3200256"]
[WhiteElo "2376"]
[BlackElo "2292"]
[Result "1-0"]
[Round "07"]
[TimeControl "180+2"]
[Date "2022.12.27"]
[WhiteClock "0:00:11"]
[BlackClock "0:00:04"]

1. d4 Nf6 2. Bf4 d6 3. Nf3 g6 4. h3 Bg7 5. e3 O-O 6. Be2 Nc6 7. c3 e6 8. a4 a6 9. Bh2 Re8 10. Na3 Qe7 11. Nc4 Ne4 12. Nfd2 Nxd2 13. Qxd2 Bd7 14. O-O Rad8 15. e4 d5 16. exd5 exd5 17. Ne3 Be6 18. Bf4 Qd7 19. Ng4 Bxg4 20. Bxg4 f5 21. Bf3 Ne7 22. Rfe1 Nc8 23. Bg5 Rxe1+ 24. Rxe1 Rf8 25. h4 c6 26. h5 Kf7 27. Qf4 Re8 28. Rxe8 Kxe8 29. h6 Bf8 30. Qe5+ Kf7 31. Qh8 Ke8 32. Qe5+ Kf7 33. g4 Nd6 34. Qh8 1-0


[Site "https://www.chess.com"]

[Event "Titled Tuesday Blitz December 27 Late 2022"]
[White "Matinian, Nikita"]
[Black "Deac, Bogdan-Daniel"]
[WhiteFideId "24129100"]
[BlackFideId "1226380"]
[WhiteElo "2407"]
[BlackElo "2700"]
[Result "0-1"]
[Round "07"]
[TimeControl "180+2"]
[Date "2022.12.27"]
[WhiteClock "0:00:03"]
[BlackClock "0:00:37"]

1. e4 c6 2. d4 d5 3. e5 Bf5 4. Nf3 e6 5. Be2 Nd7 6. O-O a5 7. Nbd2 a4 8. Re1 a3 9. bxa3 Bxa3 10. Nf1 b5 11. Ng3 Ne7 12. Bxa3 Rxa3 13. Qc1 Qa8 14. Qg5 Bg6 15. Nh5 Nf5 16. Nh4 h6 17. Qf4 Nxh4 18. Nxg7+ Kf8 19. Nxe6+ Kg8 20. Nc7 Qd8 21. e6 fxe6 22. Nxe6 Qf6 23. Qd6 Ra7 24. Bg4 Nf8 25. Qxc6 Rf7 26. Re2 h5 27. Bh3 Be4 28. Qd6 Rh6 29. f3 Nxe6 30. Qb8+ Kg7 31. Qg3+ Rg6 0-1


[Site "https://www.chess.com"]

[Event "Titled Tuesday Blitz December 27 Late 2022"]
[White "Melikhov, Evgeny V."]
[Black "Krasteva, Beloslava"]
[WhiteFideId "4122046"]
[BlackFideId "2922029"]
[WhiteElo "2269"]
[BlackElo "2220"]
[Result "0-1"]
[Round "07"]
[TimeControl "180+2"]
[Date "2022.12.27"]
[WhiteClock "0:00:15"]
[BlackClock "0:00:08"]

1. d4 Nf6 2. c4 e6 3. Nc3 Bb4 4. Qc2 d6 5. a3 Bxc3+ 6. Qxc3 b6 7. Nf3 Bb7 8. e3 Nbd7 9. Be2 O-O 10. b3 a5 11. Bb2 Re8 12. O-O h6 13. Rad1 Qe7 14. d5 e5 15. Nd2 Nc5 16. f3 Nfd7 17. Qc2 Qg5 18. f4 Qe7 19. f5 Qg5 20. Rf3 Bc8 21. Ne4 Nxe4 22. Qxe4 Nc5 23. Qc2 f6 24. Rdf1 h5 25. Rg3 Qh6 26. Bc1 e4 27. Bb2 Kf7 28. Rg6 Qxe3+ 29. Kh1 Bxf5 30. Rxf6+ gxf6 31. Rxf5 Nd7 32. Bxh5+ Kg7 33. h3 Rh8 34. Bg4 Ne5 35. Qf2 Qxf2 36. Rxf2 Nxg4 37. Rf4 Ne5 38. Rxe4 f5 39. Rf4 Kf6 40. g4 Rxh3+ 41. Kg2 Rxb3 42. Rxf5+ Kg6 43. Bd4 Rxa3 44. Rh5 Rf8 45. Kg1 Ra2 46. Bxe5 dxe5 47. Rxe5 Rff2 48. Re6+ Kg5 49. Re5+ Kxg4 50. Re4+ Kf3 51. Re1 Rg2+ 52. Kh1 Rh2+ 53. Kg1 Rag2+ 54. Kf1 Rh1# 0-1


[Site "https://www.chess.com"]

[Event "Titled Tuesday Blitz December 27 Late 2022"]
[White "Melikyan, Gnel"]
[Black "Gerbelli Neto, Eduardo"]
[WhiteFideId "54109990"]
[BlackFideId "2103281"]
[WhiteElo "2238"]
[BlackElo "2114"]
[Result "0-1"]
[Round "07"]
[TimeControl "180+2"]
[Date "2022.12.27"]
[WhiteClock "0:00:09"]
[BlackClock "0:01:00"]

1. d4 d5 2. c4 c6 3. Nc3 Nf6 4. cxd5 cxd5 5. Bf4 Nc6 6. e3 Bf5 7. Nf3 e6 8. Qb3 Bb4 9. Ne5 Qb6 10. Bb5 Qxb5 11. O-O-O Qa5 12. Na4 Nxe5 13. Bxe5 Rc8+ 14. Nc5 Bxc5 15. dxc5 Rxc5+ 16. Bc3 Ne4 17. Rd3 Nxf2 18. Rd2 Nxh1 19. Qxb7 O-O 20. e4 Bxe4 21. Qe7 Qxa2 22. Rd1 Rxc3+ 23. Kd2 Qxb2+ 24. Ke1 Qf2# 0-1


[Site "https://www.chess.com"]

[Event "Titled Tuesday Blitz December 27 Late 2022"]
[White "Melkumyan, Hrant"]
[Black "Theodorou, Nikolas"]
[WhiteFideId "13302485"]
[BlackFideId "4262875"]
[WhiteElo "2645"]
[BlackElo "2591"]
[Result "0-1"]
[Round "07"]
[TimeControl "180+2"]
[Date "2022.12.27"]
[WhiteClock "0:00:02"]
[BlackClock "0:00:15"]

1. d4 Nf6 2. c4 g6 3. Nc3 Bg7 4. e4 d6 5. Be2 O-O 6. h4 h5 7. Nf3 Bg4 8. Bg5 Nbd7 9. Nd2 Bxe2 10. Qxe2 a6 11. O-O Nh7 12. Nf3 Nxg5 13. hxg5 c5 14. Rad1 cxd4 15. Nxd4 Rc8 16. Rd2 Ne5 17. b3 b5 18. f4 Ng4 19. Nd5 bxc4 20. bxc4 e5 21. fxe5 Bxe5 22. Nf3 Bg7 23. Rc1 Kh8 24. Kh1 Re8 25. Qd3 Qa5 26. Rf1 Qc5 27. Rc2 Kg8 28. Qe2 Re6 29. Qd3 Rce8 30. Re2 a5 31. Qc2 Rb8 32. Qd3 a4 33. Nf4 Ree8 34. Nd5 a3 35. Nd2 Rb2 36. Nb3 Qa7 37. Nf4 Qe7 38. g3 Rxe2 39. Qxe2 Qxe4+ 40. Qxe4 Rxe4 41. c5 dxc5 42. Nxc5 Rc4 43. Ncd3 Rc2 44. Nb4 Rh2+ 45. Kg1 Bd4+ 0-1


[Site "https://www.chess.com"]

[Event "Titled Tuesday Blitz December 27 Late 2022"]
[White "Mitrovic, Darko R"]
[Black "Kopacz, Grzegorz"]
[WhiteFideId "927023"]
[BlackFideId "1109880"]
[WhiteElo "2220"]
[BlackElo "1997"]
[Result "0-1"]
[Round "07"]
[TimeControl "180+2"]
[Date "2022.12.27"]
[WhiteClock "0:00:16"]
[BlackClock "0:00:44"]

1. d4 Nf6 2. Nf3 c5 3. d5 d6 4. c4 b5 5. cxb5 a6 6. bxa6 Bxa6 7. Nc3 g6 8. g3 Bg7 9. Bg2 O-O 10. O-O Nbd7 11. Re1 Nb6 12. e4 Nfd7 13. Rb1 Ne5 14. Nxe5 Bxe5 15. f4 Bg7 16. e5 dxe5 17. fxe5 Nc4 18. Bf4 g5 19. Bxg5 Nxe5 20. Qh5 Bd3 21. Rbd1 Bg6 22. Qe2 Ra7 23. d6 f6 24. dxe7 Qxe7 25. Bf4 Qc7 26. Nd5 Qa5 0-1


[Site "https://www.chess.com"]

[Event "Titled Tuesday Blitz December 27 Late 2022"]
[White "Moreno Perez, Tobias Sebastian"]
[Black "Kaganskiy, Gleb"]
[WhiteFideId "186716"]
[BlackFideId "4132025"]
[WhiteElo "2256"]
[BlackElo "2205"]
[Result "0-1"]
[Round "07"]
[TimeControl "180+2"]
[Date "2022.12.27"]
[WhiteClock "0:00:02"]
[BlackClock "0:01:09"]

1. d4 d6 2. Nf3 Nf6 3. Bg5 Nbd7 4. Nbd2 h6 5. Bh4 g5 6. Bg3 Nh5 7. e4 Nxg3 8. hxg3 Bg7 9. c3 c5 10. dxc5 Nxc5 11. Bb5+ Bd7 12. Bxd7+ Qxd7 13. Qe2 Rc8 14. Kf1 a6 15. Nc4 Qb5 16. Nfd2 Kf8 17. Kg1 Na4 18. Qg4 Rxc4 19. Nxc4 Qxc4 20. Qd7 Bf6 21. Qxb7 Kg7 22. Kh2 h5 23. b3 Qxc3 24. bxa4 h4 25. Raf1 hxg3+ 26. Kg1 gxf2+ 27. Kxf2 Bd4+ 28. Ke2 Qc2+ 29. Kf3 Qd3+ 30. Kg4 Qe2+ 31. Rf3 Rxh1 32. Qxe7 Qxg2+ 33. Rg3 Rh4+ 34. Kf5 Rf4+ 0-1


[Site "https://www.chess.com"]

[Event "Titled Tuesday Blitz December 27 Late 2022"]
[White "Movahed, Sina"]
[Black "Firouzja, Alireza"]
[WhiteFideId "42520835"]
[BlackFideId "12573981"]
[WhiteElo "2340"]
[BlackElo "2785"]
[Result "1-0"]
[Round "07"]
[TimeControl "180+2"]
[Date "2022.12.27"]
[WhiteClock "0:00:11"]
[BlackClock "0:00:01"]

1. Nf3 Nf6 2. c4 g6 3. g3 Bg7 4. Bg2 O-O 5. O-O d6 6. d4 Nbd7 7. Nc3 e5 8. b3 Re8 9. e3 c6 10. Ba3 Qa5 11. Qc1 e4 12. Nd2 d5 13. Bd6 a6 14. Na4 Re6 15. Bf4 h6 16. cxd5 cxd5 17. Bc7 Qb4 18. Qb2 b5 19. Nc3 Bb7 20. a3 Qe7 21. Ba5 Nh7 22. a4 Bc6 23. axb5 axb5 24. Ne2 h5 25. Nf4 Rf6 26. Bc7 Rc8 27. Ra7 h4 28. Rc1 hxg3 29. hxg3 g5 30. Nh5 Rh6 31. Nxg7 Kxg7 32. Nxe4 g4 33. Be5+ f6 34. Bf4 Rh5 35. Nc5 Nhf8 36. Qe2 f5 37. e4 Kg8 38. Nxd7 Nxd7 39. e5 Qe6 40. Ra6 Nb8 41. Rb6 Nd7 42. Ra6 Nb8 43. Ra7 Nd7 44. Rc2 Nf8 45. Rc5 Ng6 46. Qd2 Nf8 47. Bg5 Nd7 48. Rc1 Kf7 49. Ra6 Kg6 50. Bh4 Nb8 51. Rb6 Nd7 52. Ra6 Nb8 53. Ra7 Nd7 54. b4 Rch8 55. Ra6 Nb8 56. Rb6 Rxh4 57. gxh4 Rxh4 58. Qf4 Qd7 59. e6 Qe7 60. Rxb8 1-0


[Site "https://www.chess.com"]

[Event "Titled Tuesday Blitz December 27 Late 2022"]
[White "Msellek, Ilyass"]
[Black "Rustemov, Alexander"]
[WhiteFideId "675938"]
[BlackFideId "4119002"]
[WhiteElo "2420"]
[BlackElo "2525"]
[Result "0-1"]
[Round "07"]
[TimeControl "180+2"]
[Date "2022.12.27"]
[WhiteClock "0:00:01"]
[BlackClock "0:01:11"]

1. e4 e6 2. d4 d5 3. Nc3 dxe4 4. Nxe4 Bd7 5. Nf3 Bc6 6. Neg5 Nd7 7. Nxf7 Kxf7 8. Ng5+ Ke8 9. Nxe6 Qe7 10. Qe2 Kf7 11. Ng5+ Ke8 12. Ne6 Kf7 13. Ng5+ Kg6 14. Be3 h6 15. Qd3+ Kf6 16. h4 Qb4+ 17. c3 Qxb2 18. Rb1 Qxa2 19. Rh3 Ke7 20. Ne4 Ngf6 21. Nd2 Re8 22. Be2 Kd8 23. Qg6 Ne4 24. Bc4 Qc2 25. Rd1 Ndf6 26. Qf5 Bd7 27. Qg6 Bxh3 28. gxh3 Bd6 0-1


[Site "https://www.chess.com"]

[Event "Titled Tuesday Blitz December 27 Late 2022"]
[White "Mushini Ajay"]
[Black "Adewumi, Tanitoluwa"]
[WhiteFideId "35066188"]
[BlackFideId "30966396"]
[WhiteElo "2310"]
[BlackElo "2283"]
[Result "1-0"]
[Round "07"]
[TimeControl "180+2"]
[Date "2022.12.27"]
[WhiteClock "0:00:08"]
[BlackClock "0:00:10"]

1. e4 c5 2. Nf3 e6 3. d4 cxd4 4. Nxd4 Nc6 5. Nc3 Qc7 6. Be3 a6 7. Qf3 Bd6 8. O-O-O Be5 9. Kb1 Nge7 10. Qg4 h5 11. Qe2 b5 12. f4 Bxd4 13. Bxd4 Nxd4 14. Rxd4 Qxf4 15. g3 Qe5 16. Qf2 Bb7 17. Bg2 O-O-O 18. a4 Nc6 19. Rd3 b4 20. Ne2 Kb8 21. Rhd1 Kc7 22. Qxf7 Bc8 23. Nd4 Rhf8 24. Nxc6 Kxc6 25. Qe7 Rfe8 26. Qxb4 d6 27. Rxd6+ Rxd6 28. Rxd6+ Qxd6 29. e5+ Qd5 30. Qd6+ Kb7 31. Bxd5+ exd5 32. Qxd5+ Kc7 33. Qf7+ Bd7 34. Qxg7 Re6 35. b3 a5 36. Kb2 Kc6 37. g4 hxg4 38. Qxg4 Rxe5 39. Qc4+ Kd6 40. h4 Rh5 41. Qf4+ Re5 42. h5 Be6 43. h6 Bf5 44. Qg5 Be4 45. Qf6+ Re6 46. Qg7 Re7 47. Qg3+ Kc6 48. Qc3+ Kb6 49. b4 Kb7 50. bxa5 Re6 51. Qb3+ Rb6 52. Qxb6+ 1-0


[Site "https://www.chess.com"]

[Event "Titled Tuesday Blitz December 27 Late 2022"]
[White "Novikov, Evgenij"]
[Black "Liu, Kelsey"]
[WhiteFideId "4125380"]
[BlackFideId "30944481"]
[WhiteElo "2276"]
[BlackElo "2065"]
[Result "1-0"]
[Round "07"]
[TimeControl "180+2"]
[Date "2022.12.27"]
[WhiteClock "0:00:16"]
[BlackClock "0:00:02"]

1. c4 Nf6 2. Nf3 e6 3. e3 d5 4. b3 c5 5. Bb2 Nc6 6. Be2 d4 7. d3 Be7 8. O-O O-O 9. a3 e5 10. exd4 exd4 11. Re1 Bd6 12. Nbd2 Bf5 13. Nf1 Re8 14. Ng3 Bg6 15. b4 cxb4 16. axb4 Nxb4 17. Bxd4 b6 18. Bc3 a5 19. Qd2 Bxg3 20. Bxb4 Bxf2+ 21. Kxf2 axb4 22. Rxa8 Qxa8 23. Qxb4 Ng4+ 24. Kg1 Qa2 25. Nd4 Bxd3 26. Bxg4 Rxe1+ 27. Qxe1 h6 28. Bf5 Bxf5 29. Nxf5 Qxc4 30. Qe5 Qc1+ 31. Kf2 Qg5 32. Qe8+ Kh7 33. Qxf7 Qd2+ 34. Kf3 Qd3+ 35. Ne3 1-0


[Site "https://www.chess.com"]

[Event "Titled Tuesday Blitz December 27 Late 2022"]
[White "Novikova, Galina"]
[Black "Finkelstein, Alan"]
[WhiteFideId "4157095"]
[BlackFideId "30950961"]
[WhiteElo "2073"]
[BlackElo "2152"]
[Result "0-1"]
[Round "07"]
[TimeControl "180+2"]
[Date "2022.12.27"]
[WhiteClock "0:00:15"]
[BlackClock "0:00:03"]

1. e4 c5 2. Nf3 e6 3. b4 cxb4 4. a3 bxa3 5. Nxa3 Nc6 6. c3 d5 7. e5 Bd7 8. d4 a6 9. Bd3 Nge7 10. O-O Na5 11. Nd2 Nec6 12. f4 g6 13. Nf3 b5 14. Kh1 Be7 15. Nc2 Nc4 16. Ne3 a5 17. Ng4 a4 18. Nf6+ Bxf6 19. exf6 N6a5 20. Ne5 Nb3 21. Nxd7 Kxd7 22. Bxc4 bxc4 23. Ba3 Qxf6 24. Ra2 Qf5 25. Rf3 Rhb8 26. Re2 Na1 27. h3 Rb1 28. Bc1 Nb3 29. Rc2 a3 30. Rff2 a2 31. Kh2 a1=Q 32. Qf3 Rxc1 33. Rce2 Rh1+ 34. Kg3 h5 35. Re5 Qd3 36. Rxd5+ exd5 0-1


[Site "https://www.chess.com"]

[Event "Titled Tuesday Blitz December 27 Late 2022"]
[White "Omariev, Maksim"]
[Black "Moskvin, Anatoly"]
[WhiteFideId "4193423"]
[BlackFideId "24199990"]
[WhiteElo "2304"]
[BlackElo "2189"]
[Result "0-1"]
[Round "07"]
[TimeControl "180+2"]
[Date "2022.12.27"]
[WhiteClock "0:00:07"]
[BlackClock "0:00:10"]

1. e4 e5 2. Nf3 d5 3. d4 dxe4 4. Nxe5 Bd6 5. Nc4 Nc6 6. Nxd6+ Qxd6 7. c3 Nf6 8. Be2 O-O 9. Na3 Nd5 10. O-O Qg6 11. Kh1 Nce7 12. c4 Nf6 13. Nb5 c6 14. Nd6 Rd8 15. Bf4 b6 16. Rc1 c5 17. d5 Ba6 18. Rc3 Nf5 19. Nxf5 Qxf5 20. Qd2 Nxd5 21. Bg5 e3 22. fxe3 Qxg5 23. cxd5 Rxd5 24. Qe1 Bxe2 25. Qxe2 Rad8 26. e4 Rd2 27. Qf3 Qg6 28. Rb3 Re8 29. h3 h6 30. Rd3 Rxd3 31. Qxd3 Qxe4 32. Qd7 h5 33. Qxa7 Qe6 34. Qb7 Rd8 35. a3 Rd2 36. a4 h4 37. a5 bxa5 38. Qf3 Rxb2 39. Qa8+ Kh7 40. Qxa5 c4 41. Qa8 g6 42. Qf3 Kg8 43. Qa8+ Kg7 44. Qf3 Rb3 45. Qf4 Rd3 46. Qxh4 c3 47. Qb4 c2 48. Qb2+ Kh7 49. Qxc2 Re3 50. Qf2 Re2 51. Qxf7+ Qxf7 52. Rxf7+ Kh6 53. Rf3 Kh5 54. Kh2 Kg5 55. Kg3 Rc2 56. Rb3 Rb2 57. Rb5+ Rxb5 0-1


[Site "https://www.chess.com"]

[Event "Titled Tuesday Blitz December 27 Late 2022"]
[White "Oparin, Grigoriy"]
[Black "Antonica, Dragos-Andrei"]
[WhiteFideId "24125890"]
[BlackFideId "1246372"]
[WhiteElo "2667"]
[BlackElo "2373"]
[Result "1-0"]
[Round "07"]
[TimeControl "180+2"]
[Date "2022.12.27"]
[WhiteClock "0:00:43"]
[BlackClock "0:00:19"]

1. e4 d6 2. d4 Nf6 3. Bd3 Nbd7 4. Nf3 e5 5. c3 Be7 6. O-O c6 7. Re1 Qc7 8. a4 h6 9. Nbd2 Nf8 10. Nf1 g5 11. b4 Ng6 12. Ne3 g4 13. Nd2 h5 14. Ndc4 Be6 15. Nf5 O-O-O 16. Bg5 exd4 17. cxd4 Nh7 18. Nxe7+ Nxe7 19. Bxe7 Qxe7 20. d5 Bd7 21. dxc6 Bxc6 22. b5 Bd7 23. e5 dxe5 24. Nxe5 Be6 25. Qc2+ Kb8 26. Bxh7 Rc8 27. Qe4 Qg5 28. a5 f5 29. Qd4 Rhd8 30. Qb4 Qg7 31. Bg6 Rd5 32. Qf4 Ka8 33. a6 b6 34. Bxh5 Rh8 35. Rac1 Rxh5 36. Nc6 Rh8 37. Rxe6 Qc3 38. Rf1 Rxb5 39. Qc7 Qxc6 40. Qxc6+ 1-0


[Site "https://www.chess.com"]